 Dungeon Crawl Stone Soup version 0.31-a0-233-g139696dc86 (webtiles) character file.

Game seed: 17710492879030651608

40 olmar the Covered (level 3, -10/33 HPs)
             Began as an Armataur Fighter on July 8, 2023.
             Mangled by Sigmund
             ... wielding a +1 heavy scythe
              (17 damage)
             ... on level 2 of the Dungeon.
             The game lasted 00:01:43 (1319 turns).

olmar the Covered (Armataur Fighter)                Turns: 1319, Time: 00:01:43

Health: -10/33     AC: 11    Str: 23    XL:     3   Next: 30%
Magic:  3/3        EV:  5    Int:  8    God:
Gold:   52         SH:  4    Dex:  9    Spells: 2/2 levels left

rFire   . . .        a - +0 flail
rCold   . . .        c - +0 buckler
rNeg    . . .        b - +0 scale mail
rPois   .            (no helmet)
rElec   .            (no cloak)
rCorr   .            (no gloves)
SInv    .            l - +0 barding
Will    .....        (no amulet) Stlth
                     (no ring)
HPRegen 0.25/turn    (no ring)
MPRegen 0.08/turn

%: roll
@: mighty
A: large, rugged brown scales 3, deformed body, armoured tail, roll, long
tongue, awkward tongue
a: no special abilities


You were on level 2 of the Dungeon.
You visited 1 branch of the dungeon, and saw 2 of its levels.

You collected 52 gold pieces.

Inventory:

Hand Weapons
 a - a +0 flail (weapon)
Missiles
 g - 5 poisoned darts (quivered)
Armour
 b - a +0 scale mail (worn)
 c - a +0 buckler (worn)
 f - a +0 chain mail
 l - a +0 barding (worn)
Scrolls
 e - 2 scrolls of poison {unknown}
 i - a scroll of noise {unknown}
 m - a scroll of amnesia {unknown}
 o - 2 scrolls of acquirement {unknown}
Potions
 h - a potion of heal wounds
 j - a potion of enlightenment
 k - a potion of attraction
 n - a potion of resistance {unknown}
 p - a potion of mutation {unknown}


   Skills:
 + Level 3.1 Fighting
 + Level 2.2 Maces & Flails
 + Level 4.2 Armour
 + Level 3.6 Shields


You had 2 spell levels left.
You didn't know any spells.
Your spell library contained the following spells:

 Spells                   Type           Power      Damage    Failure   Level
 Dazzling Flash           Conj/Hex       0%         N/A       98%         3
 Volatile Blastmotes      Fire/Tloc      0%         2d10      98%         3
 Iskenderun's Mystic Bla  Conj/Tloc      0%         2d3       100%        4
 Starburst                Conj/Fire      0%         6d3       100%        6


Dungeon Overview and Level Annotations

Branches:
Dungeon (2/15)

Altars:
Hepliaklqana

Shops:
D:1 (

Annotations:
D:2 Sigmund


Innate Abilities, Weirdness & Mutations

You are completely covered in rugged brown scales. (AC +3, +7% HP)
Armour fits poorly on your strangely shaped body.
You have a long armoured tail.
You roll when moving toward enemies. (Rampage)
Your long tongue fully drains potion bottles. (2x potion effects)
Your tongue gives you trouble enunciating. (1.5x scroll delay)


Message History

You start removing your armour.
You continue taking off your +0 chain mail. x4
You finish taking off your +0 chain mail.
You start putting on your armour.
You continue putting on your +0 scale mail. x5
You finish putting on your +0 scale mail.
Unknown command.
e - 2 scrolls labelled BEIVOY KEIST (gained 1) Sigmund the Dreaded comes into view.
He is wielding a +1 heavy scythe.
Sigmund is nearby!
Sigmund is nearby!
You feel very mighty all of a sudden.
You slurp down every last drop of the potion of might!
You roll towards Sigmund!
Sigmund hits you but does no damage.
Unknown command.
You hit Sigmund.
Your tail-slap misses Sigmund.
Sigmund is lightly wounded.
Unknown command.
You sock Sigmund!
Sigmund is heavily wounded.
Sigmund points at you and mumbles some strange words.
The magic dart hits you.
Sigmund hits you with a +1 heavy scythe!
Unknown command.
You closely miss Sigmund.
Sigmund is heavily wounded.
Unknown command.
You closely miss Sigmund.
Sigmund is heavily wounded.
Sigmund hits you with a +1 heavy scythe!
* * * LOW HITPOINT WARNING * * *
You barely miss Sigmund.
Sigmund is heavily wounded.
Unknown command.
You aren't carrying any items that you can evoke.
You sock Sigmund!
Sigmund is almost dead.
Sigmund hits you with a +1 heavy scythe!
Ouch! That really hurt!
You die...

######### ##.......# #
#...####.###
###########.....@@...#
..............####..#.#
############.## ## #
#.# #.# ..# ###


You could see Sigmund.

Vanquished Creatures
  2 adders (D:2)
  2 dart slugs
  2 endoplasms (D:1)
  3 goblins
  A hobgoblin (D:1)
  A quokka (D:1)
  3 ball pythons
  3 bats (D:1)
  A frilled lizard (D:1)
  A kobold (D:1)
  A rat (D:1)
20 creatures vanquished.

Notes
Turn   | Place    | Note
-------+----------+-------------------------------------------
     0 | D:1      | olmar the Armataur Fighter began the quest for the Orb.
     0 | D:1      | Reached XP level 1. HP: 19/19 MP: 1/1
    53 | D:1      | Noticed a +0 demon trident
   214 | D:1      | Reached XP level 2. HP: 25/26 MP: 2/2
   320 | D:1      | Found a faded altar of an unknown god.
   655 | D:1      | Found Vozaes's Weapon Shoppe.
   656 | D:1      | Noticed a +0 lajatang
   951 | D:1      | Reached skill level 4 in Armour
  1077 | D:2      | Reached XP level 3. HP: 31/33 MP: 3/3
  1109 | D:2      | Found a hazy altar of Hepliaklqana.
  1310 | D:2      | Noticed Sigmund
  1319 | D:2      | Mangled by Sigmund

Illustrated notes

Levels and vault maps discovered:
D:1:      dpeg_arrival_pits, layout_basic, shapermc_ecumenical_altar_hornbeckon,
          serial_shops, nicolae_shop_mannequins, hangedman_decor_points,
          st_stairs_6, chequers_serial_rivers_micro_a, minmay_tetromino_i4
D:2:      layout_loops_ring, basic_altar, uniq_sigmund

Skill      XL: |  1  2 |
---------------+-------+-----
Fighting       | 3 |  3.1
Armour         | 4 |  4.2
Maces & Flails | 2 |  2.2
Shields        | |  3.6

Action                     || total
---------------------------++-------
  Melee: Flail             ||    69
         Tailslap          ||     6
    Use: Scroll            ||     3
         Potion            ||     1
 Armour: Chain mail        ||    49
         Scale mail        ||     1
  Dodge: Dodged            ||    14
  Block: Buckler           ||    12

Table legend: (Time is in decaauts)
 A = Elapsed time spent in this place.
 B = Non-inter-level travel time spent in this place.
 C = Inter-level travel time spent in this place.
 D = Time resting spent in this place.
 E = Time spent auto-exploring this place.
 F = Levels seen in this place.
 G = Mean time per level.
                   A        B        C        D        E       F      G
               +--------+--------+--------+--------+--------+-----+--------+
         Total |   1342 |   1244 |     98 |    149 |    848 |   2 |  671.0 |
       Dungeon |   1342 |   1244 |     98 |    149 |    848 |   2 |  671.0 |
               +--------+--------+--------+--------+--------+-----+--------+

Top non-repeatable levels by time:
     D:1: 1008 daAuts
     D:2: 334 daAuts
